Senators vs Ducks

Created - February 9, 2017 at 18:13

Goals
1 2 3 T
Senators 2 0 3 5
Ducks 0 1 0 1
Shots
1 2 3 T
Senators 21 9 9 39
Ducks 15 15 8 38

1st period

1. Senators , Michael Stone 3 (Mike Hoffman, Mika Zibanejad) at 0:35
2. Senators , Drew Miller 8 (Milan Michalek, Marc Methot) at 10:47

Penalties :
Travis Hamonic (ANA) for Hooking (Minor) at 2:22, Paul Gaustad (OTT) for Hooking (Minor) at 12:08, Luke Schenn (OTT) for Hooking (Minor) at 14:43, Semyon Varlamov (ANA) for Slashing (Minor) at 17:13 - Boone Jenner served the penalty.

2nd period

3. Ducks , Aaron Ekblad 6 (Claude Giroux, Wayne Simmonds) at 15:11 (PP)

Penalties :
Erik Johnson (ANA) for Holding (Minor) at 0:03, Drew Doughty (OTT) for Boarding (Minor) at 3:37, Michael Stone (OTT) for Interference (Minor) at 8:42, Paul Gaustad (OTT) for Interference (Minor) at 13:24, Matt Hunwick (ANA) for Slashing (Minor) at 18:31

3rd period

4. Senators , Lauri Korpikoski 15 (Mike Hoffman, Mika Zibanejad) at 0:10 (PP)
5. Senators , Mark Stone 29 (Tyler Seguin, Drew Doughty) at 9:26 (PP)
6. Senators , Milan Michalek 7 (Anton Lander) at 11:23

Penalties :
Mika Zibanejad (OTT) for Slashing (Minor) at 6:39, Erik Johnson (ANA) for Boarding (Minor) at 8:38, Beau Bennett (OTT) for Interference (Minor) at 19:35

Goalie Stats

Tuukka Rask (OTT), 37 saves from 38 shots - (0.974), W, 22-11-4, 60:00 minutes
Semyon Varlamov (ANA), 34 saves from 39 shots - (0.872), L, 29-13-5, 60:00 minutes

Players Stats for Senators

Player Name              G  A  P  +/- PIM S  H  SB GA TA FO     MP     PP MP  PK MP  
------------------------------------------------------------------------------------
Anton Lander             0  1  1   1  0   0  0  0  0  0  10/21  10:34   0:00   6:29 
Beau Bennett             0  0  0   1  2   0  0  0  0  0  0/0     4:57   0:00   0:53 
Connor Murphy            0  0  0   0  0   0  3  1  0  0  0/0    20:21   0:00   5:30 
Drew Doughty             0  1  1   0  2   2  2  1  0  0  0/0    21:06   4:30   1:46 
Drew Miller              1  0  1   1  0   1  0  1  0  0  1/3    13:04   0:00   6:10 
Jared Cowen              0  0  0   0  0   1  1  3  0  0  0/0    13:38   3:54   5:51 
Jason Garrison           0  0  0   2  0   1  1  1  0  0  0/0    17:40   4:30   0:18 
Lauri Korpikoski         1  0  1   1  0   4  2  0  0  0  0/1    17:37   4:02   0:00 
Luke Schenn              0  0  0   1  2   0  2  0  0  0  0/0    11:46   0:00   0:00 
Marc Methot              0  1  1   1  0   0  1  1  0  0  0/0    13:51   0:00   5:57 
Mark Stone               1  0  1   0  0   5  0  1  0  0  1/4    19:18   4:22   0:00 
Michael Stone            1  0  1   2  2   1  2  0  0  0  0/0    21:35   3:54   4:50 
Mika Zibanejad           0  2  2   1  2   3  2  0  0  0  16/31  18:14   4:02   0:38 
Mike Hoffman             0  2  2   1  0   7  0  0  0  0  0/2    17:37   4:02   0:00 
Milan Michalek           1  1  2   2  0   3  0  0  0  0  0/2    16:36   0:00   5:37 
Patrick Marleau          0  0  0   0  0   5  0  0  0  0  1/2    19:36   4:22   0:18 
Paul Gaustad             0  0  0   1  4   0  1  0  0  0  6/17   10:59   0:00   4:07 
Tyler Seguin             0  1  1   0  0   6  2  0  0  0  16/26  19:18   4:22   0:00 

Players Stats for Ducks

Player Name              G  A  P  +/- PIM S  H  SB GA TA FO     MP     PP MP  PK MP  
------------------------------------------------------------------------------------
Aaron Ekblad             1  0  1  -2  0   2  0  1  0  0  0/0    21:21   6:15   1:00 
Andrei Markov            0  0  0  -1  0   2  0  0  0  0  0/0    22:54   5:51   3:38 
Antoine Roussel          0  0  0   0  0   0  3  1  0  0  0/0    10:16   0:00   5:27 
Blake Comeau             0  0  0  -2  0   3  0  1  0  0  0/2    14:04   0:00   2:57 
Bobby Ryan               0  0  0   0  0   3  0  0  0  0  0/2    18:19   7:01   0:00 
Boone Jenner             0  0  0  -2  0   1  0  1  0  0  0/1    16:12   5:05   0:00 
Brandon Dubinsky         0  0  0  -1  0   1  0  0  0  0  10/20  17:43   0:00   5:27 
Claude Giroux            0  1  1   0  0   2  0  0  0  0  21/35  18:19   7:01   0:00 
Colton Parayko           0  0  0   0  0   1  0  1  0  0  0/0    20:47   6:15   2:33 
Eric Nystrom             0  0  0   0  0   2  1  0  0  0  0/0     7:46   0:00   2:57 
Erik Johnson             0  0  0  -1  4   2  1  1  0  0  0/0    21:31   5:50   2:17 
Mark Scheifele           0  0  0  -1  0   7  0  0  0  0  11/18  17:21   5:05   0:00 
Matt Hunwick             0  0  0   0  2   0  5  0  0  0  0/0    15:49   0:00   3:51 
Mikhail Grigorenko       0  0  0   0  0   0  0  0  0  0  3/5     4:49   0:00   0:00 
Pascal Dupuis            0  0  0  -1  0   1  0  0  0  0  2/2    12:16   0:00   0:00 
Ryan OReilly             0  0  0  -2  0   3  0  0  0  0  11/24  16:12   5:05   0:00 
Travis Hamonic           0  0  0  -2  2   1  2  1  0  0  0/0    17:34   0:00   3:29 
Wayne Simmonds           0  1  1   0  0   7  1  0  0  0  0/0    18:19   7:01   0:00 

3 Stars

1 - Tuukka Rask (OTT)
2 - Milan Michalek (OTT)
3 - Lauri Korpikoski (OTT)

Power Play

Senators - 2 on 5 Attempt(s) - 40.00%
Ducks - 1 on 7 Attempt(s) - 14.29%

Penalty Kill

Senators - 6 on 7 Attempt(s) - 85.71% - Score 0 goal in Penalty Kill
Ducks - 3 on 5 Attempt(s) - 60.00% - Score 0 goal in Penalty Kill

Team Stat

Senators - Hits : 19 - Faceoff Wins : 51 - Blocked Shots : 9 - Penalty Minutes : 14
Ducks - Hits : 13 - Faceoff Wins : 58 - Blocked Shots : 7 - Penalty Minutes : 10

Official

Referees : Ian Walsh and Francis Charron
Linesman : Ryan Gibbons and Derek Nansen

Game Notes

No Game Note

Finance

Level 1 -- Attendance: 6482 (99.72%) -- Ticket Income $713,020
Level 2 -- Attendance: 4541 (90.82%) -- Ticket Income $340,575
Level 3 -- Attendance: 2600 (100.00%) -- Ticket Income $145,600
Level 4 -- Attendance: 2074 (100.00%) -- Ticket Income $82,960
Luxury Box -- Attendance: 1000 (100.00%) -- Ticket Income $199,000
Game was played at the Honda Center.
Total Attendance: 16697 (97.22%)
Total Ticket Income: $1,481,155
Other Income: $222,173
Total Income: $1,703,328

% Time on Ice - Senators

Lines # - Real PCT - Wanted PCT - Time Play
Normal Forward
1 - 38% - 36% - 14:56
2 - 34% - 34% - 13:35
3 - 17% - 20% - 6:54
4 - 10% - 10% - 4:05
Normal Defense
1 - 38% - 36% - 14:51
2 - 33% - 34% - 12:52
3 - 20% - 20% - 7:54
4 - 10% - 10% - 3:53
PP Forward
1 - 52% - 50% - 4:22
2 - 48% - 50% - 4:02
PP Defense
1 - 54% - 50% - 4:30
2 - 46% - 50% - 3:54
PK Forward
1 - 48% - 50% - 5:50
2 - 52% - 50% - 6:16
PK Defense
1 - 52% - 50% - 6:15
2 - 48% - 50% - 5:51
PK3 Forward
1 - 0% - 50%
2 - 0% - 50%
PK3 Defense
1 - 0% - 50%
2 - 0% - 50%
44 Forward
1 - 0% - 52%
2 - 0% - 48%
44 Defense
1 - 0% - 52%
2 - 0% - 48%
Last Minute Offensive  - 0:00
Last Minute Defensive  - 0:00
Total
Forward - 60:00
Defense - 60:00

% Time on Ice - Ducks

Lines # - Real PCT - Wanted PCT - Time Play
Normal Forward
1 - 29% - 30% - 11:18
2 - 28% - 30% - 11:07
3 - 31% - 30% - 12:16
4 - 12% - 10% - 4:49
Normal Defense
1 - 34% - 35% - 13:25
2 - 36% - 35% - 14:06
3 - 30% - 30% - 11:59
4 - 0% - 0% - 0:00
PP Forward
1 - 58% - 55% - 7:01
2 - 42% - 45% - 5:05
PP Defense
1 - 52% - 57% - 6:15
2 - 48% - 43% - 5:51
PK Forward
1 - 65% - 57% - 5:27
2 - 35% - 43% - 2:57
PK Defense
1 - 57% - 57% - 4:46
2 - 43% - 43% - 3:38
PK3 Forward
1 - 0% - 60%
2 - 0% - 40%
PK3 Defense
1 - 0% - 57%
2 - 0% - 43%
44 Forward
1 - 0% - 50%
2 - 0% - 50%
44 Defense
1 - 0% - 50%
2 - 0% - 50%
Last Minute Offensive  - 0:00
Last Minute Defensive  - 0:00
Total
Forward - 60:00
Defense - 60:00

Play by Play

1st period


0:01 of 1st period - Claude Giroux wins face-off versus Tyler Seguin in neutral zone.
0:13 of 1st period - Shot by Wayne Simmonds.
0:13 of 1st period - Stopped by Tuukka Rask without a rebound.
0:14 of 1st period - Ryan OReilly wins face-off versus Mika Zibanejad in Senators zone.
0:35 of 1st period - Shot by Michael Stone.
0:35 of 1st period - Goal by Michael Stone - Senators : 1 - Ducks : 0.
0:36 of 1st period - Mark Scheifele wins face-off versus Paul Gaustad in neutral zone.
1:11 of 1st period - Icing by Luke Schenn.
1:12 of 1st period - Claude Giroux wins face-off versus Paul Gaustad in Senators zone.
2:17 of 1st period - Shot by Mark Stone.
2:17 of 1st period - Stopped by Semyon Varlamov without a rebound.
2:18 of 1st period - Mika Zibanejad wins face-off versus Ryan OReilly in Ducks zone.
2:18 of 1st period - Mika Zibanejad is hit by Travis Hamonic.
2:22 of 1st period - Shot by Mika Zibanejad.
2:22 of 1st period - Stopped by Semyon Varlamov without a rebound.
2:22 of 1st period - Minor Penalty to Travis Hamonic for Hooking.
2:23 of 1st period - Brandon Dubinsky wins face-off versus Mike Hoffman in Ducks zone.
3:15 of 1st period - Shot by Tyler Seguin.
3:15 of 1st period - Shot Misses the Net.
3:17 of 1st period - Shot by Mark Stone.
3:17 of 1st period - Shot Misses the Net.
3:19 of 1st period - Shot by Jason Garrison.
3:19 of 1st period - Stopped by Semyon Varlamov with a rebound.
3:21 of 1st period - Shot by Tyler Seguin.
3:21 of 1st period - Stopped by Semyon Varlamov without a rebound.
3:22 of 1st period - Tyler Seguin wins face-off versus Brandon Dubinsky in Ducks zone.
3:45 of 1st period - Shot by Patrick Marleau.
3:45 of 1st period - Stopped by Semyon Varlamov without a rebound.
3:46 of 1st period - Mika Zibanejad wins face-off versus Blake Comeau in Ducks zone.
3:49 of 1st period - Shot by Mike Hoffman.
3:49 of 1st period - Stopped by Semyon Varlamov without a rebound.
3:50 of 1st period - Tyler Seguin wins face-off versus Blake Comeau in Ducks zone.
4:17 of 1st period - Shot by Drew Doughty.
4:17 of 1st period - Shot Blocked by Antoine Roussel.
4:22 of 1st period - Shot by Drew Doughty.
4:22 of 1st period - Shot Misses the Net.
4:24 of 1st period - Shot by Luke Schenn.
4:24 of 1st period - Shot Misses the Net.
4:26 of 1st period - Shot by Lauri Korpikoski.
4:26 of 1st period - Shot Blocked by Aaron Ekblad.
4:28 of 1st period - Shot by Jared Cowen.
4:28 of 1st period - Stopped by Semyon Varlamov without a rebound.
4:29 of 1st period - Ryan OReilly wins face-off versus Lauri Korpikoski in Ducks zone.
4:49 of 1st period - Shot by Mika Zibanejad.
4:49 of 1st period - Shot Misses the Net.
5:01 of 1st period - Shot by Mike Hoffman.
5:01 of 1st period - Shot Blocked by Blake Comeau.
5:03 of 1st period - Shot by Lauri Korpikoski.
5:03 of 1st period - Shot Blocked by Boone Jenner.
5:05 of 1st period - Shot by Mika Zibanejad.
5:05 of 1st period - Shot Misses the Net.
5:11 of 1st period - Shot by Lauri Korpikoski.
5:11 of 1st period - Stopped by Semyon Varlamov without a rebound.
5:12 of 1st period - Mark Scheifele wins face-off versus Patrick Marleau in Ducks zone.
5:25 of 1st period - Icing by Tyler Seguin.
5:26 of 1st period - Mikhail Grigorenko wins face-off versus Tyler Seguin in Senators zone.
5:35 of 1st period - Shot by Tyler Seguin.
5:35 of 1st period - Stopped by Semyon Varlamov without a rebound.
5:36 of 1st period - Mark Scheifele wins face-off versus Milan Michalek in Ducks zone.
5:44 of 1st period - Colton Parayko is hit by Connor Murphy and loses puck.
5:48 of 1st period - Pascal Dupuis is hit by Connor Murphy and loses puck.
6:02 of 1st period - Icing by Drew Doughty.
6:03 of 1st period - Ryan OReilly wins face-off versus Anton Lander in Senators zone.
6:19 of 1st period - Ryan OReilly is hit by Drew Doughty and loses puck.
6:31 of 1st period - Blake Comeau is hit by Connor Murphy.
6:35 of 1st period - Shot by Ryan OReilly.
6:35 of 1st period - Stopped by Tuukka Rask without a rebound.
6:36 of 1st period - Tyler Seguin wins face-off versus Mark Scheifele in Senators zone.
6:38 of 1st period - Icing by Michael Stone.
6:39 of 1st period - Brandon Dubinsky wins face-off versus Mark Stone in Senators zone.
6:48 of 1st period - Shot by Brandon Dubinsky.
6:48 of 1st period - Shot Misses the Net.
7:06 of 1st period - Shot by Mark Stone.
7:06 of 1st period - Stopped by Semyon Varlamov without a rebound.
7:07 of 1st period - Mika Zibanejad wins face-off versus Claude Giroux in Ducks zone.
7:08 of 1st period - Shot by Lauri Korpikoski.
7:08 of 1st period - Stopped by Semyon Varlamov with a rebound.
7:10 of 1st period - Shot by Mika Zibanejad.
7:10 of 1st period - Shot Blocked by Colton Parayko.
7:12 of 1st period - Shot by Lauri Korpikoski.
7:12 of 1st period - Shot Misses the Net.
7:14 of 1st period - Shot by Mika Zibanejad.
7:14 of 1st period - Stopped by Semyon Varlamov without a rebound.
7:15 of 1st period - Mika Zibanejad wins face-off versus Claude Giroux in Ducks zone.
7:15 of 1st period - Mika Zibanejad is hit by Matt Hunwick.
7:56 of 1st period - Shot by Mike Hoffman.
7:56 of 1st period - Stopped by Semyon Varlamov with a rebound.
8:09 of 1st period - Jason Garrison is hit by Matt Hunwick.
8:31 of 1st period - Icing by Travis Hamonic.
8:32 of 1st period - Paul Gaustad wins face-off versus Ryan OReilly in Ducks zone.
8:51 of 1st period - Icing by Blake Comeau.
8:52 of 1st period - Ryan OReilly wins face-off versus Mark Stone in Ducks zone.
9:11 of 1st period - Shot by Blake Comeau.
9:11 of 1st period - Shot Blocked by Mark Stone.
9:22 of 1st period - Blake Comeau is hit by Michael Stone and loses puck.
9:59 of 1st period - Shot by Mark Scheifele.
9:59 of 1st period - Stopped by Tuukka Rask without a rebound.
10:00 of 1st period - Mikhail Grigorenko wins face-off versus Mika Zibanejad in Senators zone.
10:29 of 1st period - Shot by Eric Nystrom.
10:29 of 1st period - Stopped by Tuukka Rask without a rebound.
10:30 of 1st period - Brandon Dubinsky wins face-off versus Paul Gaustad in Senators zone.
10:37 of 1st period - Shot by Brandon Dubinsky.
10:37 of 1st period - Deflect By Mark Scheifele.
10:37 of 1st period - Stopped by Tuukka Rask without a rebound.
10:38 of 1st period - Paul Gaustad wins face-off versus Mark Scheifele in Senators zone.
10:47 of 1st period - Shot by Milan Michalek.
10:47 of 1st period - Deflect By Drew Miller.
10:47 of 1st period - Goal by Drew Miller - Senators : 2 - Ducks : 0.
10:48 of 1st period - Claude Giroux wins face-off versus Mika Zibanejad in neutral zone.
11:12 of 1st period - Icing by Lauri Korpikoski.
11:13 of 1st period - Mika Zibanejad wins face-off versus Mark Scheifele in Senators zone.
11:41 of 1st period - Shot by Brandon Dubinsky.
11:41 of 1st period - Stopped by Tuukka Rask without a rebound.
11:42 of 1st period - Mark Stone wins face-off versus Ryan OReilly in Senators zone.
12:03 of 1st period - Icing by Blake Comeau.
12:04 of 1st period - Ryan OReilly wins face-off versus Paul Gaustad in Ducks zone.
12:08 of 1st period - Minor Penalty to Paul Gaustad for Hooking.
12:09 of 1st period - Anton Lander wins face-off versus Claude Giroux in Senators zone.
12:15 of 1st period - Icing by Colton Parayko.
12:16 of 1st period - Claude Giroux wins face-off versus Drew Miller in Ducks zone.
12:27 of 1st period - Icing by Bobby Ryan.
12:28 of 1st period - Drew Miller wins face-off versus Claude Giroux in Ducks zone.
14:14 of 1st period - Shot by Patrick Marleau.
14:14 of 1st period - Stopped by Semyon Varlamov without a rebound.
14:15 of 1st period - Tyler Seguin wins face-off versus Mikhail Grigorenko in Ducks zone.
14:43 of 1st period - Minor Penalty to Luke Schenn for Hooking.
14:44 of 1st period - Paul Gaustad wins face-off versus Claude Giroux in Senators zone.
14:44 of 1st period - Paul Gaustad is hit by Wayne Simmonds.
15:18 of 1st period - Shot by Bobby Ryan.
15:18 of 1st period - Stopped by Tuukka Rask without a rebound.
15:19 of 1st period - Anton Lander wins face-off versus Ryan OReilly in Senators zone.
15:55 of 1st period - Mark Scheifele is hit by Marc Methot.
15:57 of 1st period - Shot by Ryan OReilly.
15:57 of 1st period - Shot Misses the Net.
15:59 of 1st period - Shot by Ryan OReilly.
15:59 of 1st period - Shot Misses the Net.
16:01 of 1st period - Shot by Colton Parayko.
16:01 of 1st period - Stopped by Tuukka Rask without a rebound.
16:02 of 1st period - Claude Giroux wins face-off versus Anton Lander in Senators zone.
16:03 of 1st period - Shot by Andrei Markov.
16:03 of 1st period - Stopped by Tuukka Rask without a rebound.
16:04 of 1st period - Paul Gaustad wins face-off versus Claude Giroux in Senators zone.
16:13 of 1st period - Shot by Wayne Simmonds.
16:13 of 1st period - Stopped by Tuukka Rask without a rebound.
16:14 of 1st period - Claude Giroux wins face-off versus Paul Gaustad in Senators zone.
16:14 of 1st period - Andrei Markov is hit by Jared Cowen and loses puck.
16:41 of 1st period - Shot by Erik Johnson.
16:41 of 1st period - Shot Blocked by Marc Methot.
16:43 of 1st period - Shot by Wayne Simmonds.
16:43 of 1st period - Stopped by Tuukka Rask with a rebound.
16:45 of 1st period - Shot by Brandon Dubinsky.
16:45 of 1st period - Shot Blocked by Drew Doughty.
16:51 of 1st period - Shot by Pascal Dupuis.
16:51 of 1st period - Shot Hit the Post.
17:05 of 1st period - Shot by Mark Scheifele.
17:05 of 1st period - Stopped by Tuukka Rask without a rebound.
17:06 of 1st period - Tyler Seguin wins face-off versus Ryan OReilly in Senators zone.
17:13 of 1st period - Shot by Mark Stone.
17:13 of 1st period - Stopped by Semyon Varlamov without a rebound.
17:13 of 1st period - Minor Penalty to Semyon Varlamov for Slashing.
17:14 of 1st period - Tyler Seguin wins face-off versus Brandon Dubinsky in Ducks zone.
17:25 of 1st period - Shot by Tyler Seguin.
17:25 of 1st period - Shot Misses the Net.
17:27 of 1st period - Shot by Patrick Marleau.
17:27 of 1st period - Stopped by Semyon Varlamov without a rebound.
17:28 of 1st period - Mika Zibanejad wins face-off versus Brandon Dubinsky in Ducks zone.
17:33 of 1st period - Shot by Mike Hoffman.
17:33 of 1st period - Stopped by Semyon Varlamov without a rebound.
17:34 of 1st period - Brandon Dubinsky wins face-off versus Mika Zibanejad in Ducks zone.
18:32 of 1st period - Tyler Seguin is hit by Matt Hunwick and loses puck.
18:38 of 1st period - Patrick Marleau is hit by Travis Hamonic.
18:46 of 1st period - Shot by Drew Doughty.
18:46 of 1st period - Stopped by Semyon Varlamov without a rebound.
18:47 of 1st period - Brandon Dubinsky wins face-off versus Tyler Seguin in Ducks zone.
19:01 of 1st period - Off-side.
19:02 of 1st period - Mika Zibanejad wins face-off versus Brandon Dubinsky in neutral zone.
19:02 of 1st period - Mika Zibanejad is hit by Antoine Roussel.
19:05 of 1st period - Off-side.
19:06 of 1st period - Brandon Dubinsky wins face-off versus Mika Zibanejad in neutral zone.
19:14 of 1st period - Icing by Michael Stone.
19:15 of 1st period - Claude Giroux wins face-off versus Paul Gaustad in Senators zone.
19:16 of 1st period - Shot by Erik Johnson.
19:16 of 1st period - Stopped by Tuukka Rask without a rebound.
19:17 of 1st period - Mika Zibanejad wins face-off versus Claude Giroux in Senators zone.
19:36 of 1st period - Shot by Mike Hoffman.
19:36 of 1st period - Stopped by Semyon Varlamov without a rebound.
19:37 of 1st period - Tyler Seguin wins face-off versus Brandon Dubinsky in Ducks zone.
19:44 of 1st period - Shot by Mark Scheifele.
19:44 of 1st period - Stopped by Tuukka Rask with a rebound.
19:46 of 1st period - Shot by Brandon Dubinsky.
19:46 of 1st period - Deflect By Mark Scheifele.
19:46 of 1st period - Shot Misses the Net.
19:54 of 1st period - Shot by Mark Scheifele.
19:54 of 1st period - Stopped by Tuukka Rask without a rebound.
19:55 of 1st period - Mika Zibanejad wins face-off versus Ryan OReilly in Senators zone.
Goals for this period are 2 for Senators vs 0 for Ducks.
Shots for this period are 21 for Senators vs 15 for Ducks.

2nd period


0:01 of 2nd period - Tyler Seguin wins face-off versus Bobby Ryan in neutral zone.
0:03 of 2nd period - Minor Penalty to Erik Johnson for Holding.
0:04 of 2nd period - Mika Zibanejad wins face-off versus Brandon Dubinsky in Ducks zone.
0:05 of 2nd period - Shot by Mike Hoffman.
0:05 of 2nd period - Stopped by Semyon Varlamov without a rebound.
0:06 of 2nd period - Brandon Dubinsky wins face-off versus Mika Zibanejad in Ducks zone.
0:17 of 2nd period - Shot by Mike Hoffman.
0:17 of 2nd period - Stopped by Semyon Varlamov without a rebound.
0:18 of 2nd period - Tyler Seguin wins face-off versus Brandon Dubinsky in Ducks zone.
0:44 of 2nd period - Mark Stone is hit by Eric Nystrom and loses puck.
1:54 of 2nd period - Mike Hoffman is hit by Antoine Roussel and loses puck.
2:12 of 2nd period - Bobby Ryan is hit by Luke Schenn and loses puck.
2:19 of 2nd period - Shot by Bobby Ryan.
2:19 of 2nd period - Shot Misses the Net.
2:33 of 2nd period - Shot by Claude Giroux.
2:33 of 2nd period - Shot Blocked by Drew Miller.
3:37 of 2nd period - Minor Penalty to Drew Doughty for Boarding.
3:38 of 2nd period - Claude Giroux wins face-off versus Anton Lander in Senators zone.
4:45 of 2nd period - Shot by Ryan OReilly.
4:45 of 2nd period - Stopped by Tuukka Rask without a rebound.
4:46 of 2nd period - Anton Lander wins face-off versus Ryan OReilly in Senators zone.
5:06 of 2nd period - Shot by Mark Scheifele.
5:06 of 2nd period - Shot Misses the Net.
6:40 of 2nd period - Icing by Mikhail Grigorenko.
6:41 of 2nd period - Anton Lander wins face-off versus Mikhail Grigorenko in Ducks zone.
7:43 of 2nd period - Icing by Luke Schenn.
7:44 of 2nd period - Anton Lander wins face-off versus Claude Giroux in Senators zone.
7:46 of 2nd period - Icing by Luke Schenn.
7:47 of 2nd period - Pascal Dupuis wins face-off versus Anton Lander in Senators zone.
8:25 of 2nd period - Shot by Mark Scheifele.
8:25 of 2nd period - Stopped by Tuukka Rask without a rebound.
8:26 of 2nd period - Claude Giroux wins face-off versus Tyler Seguin in Senators zone.
8:42 of 2nd period - Minor Penalty to Michael Stone for Interference.
8:43 of 2nd period - Ryan OReilly wins face-off versus Paul Gaustad in Senators zone.
8:53 of 2nd period - Icing by Boone Jenner.
8:54 of 2nd period - Ryan OReilly wins face-off versus Paul Gaustad in Ducks zone.
9:01 of 2nd period - Shot by Boone Jenner.
9:01 of 2nd period - Shot Misses the Net.
9:07 of 2nd period - Shot by Boone Jenner.
9:07 of 2nd period - Stopped by Tuukka Rask without a rebound.
9:08 of 2nd period - Anton Lander wins face-off versus Claude Giroux in Senators zone.
9:23 of 2nd period - Shot by Bobby Ryan.
9:23 of 2nd period - Stopped by Tuukka Rask with a rebound.
10:21 of 2nd period - Icing by Colton Parayko.
10:22 of 2nd period - Paul Gaustad wins face-off versus Claude Giroux in Ducks zone.
10:35 of 2nd period - Icing by Aaron Ekblad.
10:36 of 2nd period - Claude Giroux wins face-off versus Anton Lander in Ducks zone.
10:49 of 2nd period - Icing by Erik Johnson.
10:50 of 2nd period - Tyler Seguin wins face-off versus Ryan OReilly in Ducks zone.
10:51 of 2nd period - Shot by Mark Stone.
10:51 of 2nd period - Shot Blocked by Erik Johnson.
11:07 of 2nd period - Shot by Blake Comeau.
11:07 of 2nd period - Stopped by Tuukka Rask without a rebound.
11:08 of 2nd period - Mark Scheifele wins face-off versus Mika Zibanejad in Senators zone.
11:24 of 2nd period - Mike Hoffman is hit by Erik Johnson and loses puck.
12:28 of 2nd period - Off-side.
12:29 of 2nd period - Claude Giroux wins face-off versus Tyler Seguin in neutral zone.
12:34 of 2nd period - Shot by Bobby Ryan.
12:34 of 2nd period - Shot Misses the Net.
12:48 of 2nd period - Shot by Wayne Simmonds.
12:48 of 2nd period - Shot Misses the Net.
12:50 of 2nd period - Shot by Wayne Simmonds.
12:50 of 2nd period - Stopped by Tuukka Rask without a rebound.
12:51 of 2nd period - Mikhail Grigorenko wins face-off versus Paul Gaustad in Senators zone.
12:51 of 2nd period - Andrei Markov is hit by Luke Schenn.
12:58 of 2nd period - Marc Methot is hit by Antoine Roussel and loses puck.
13:05 of 2nd period - Shot by Milan Michalek.
13:05 of 2nd period - Stopped by Semyon Varlamov with a rebound.
13:15 of 2nd period - Shot by Milan Michalek.
13:15 of 2nd period - Stopped by Semyon Varlamov with a rebound.
13:24 of 2nd period - Minor Penalty to Paul Gaustad for Interference.
13:25 of 2nd period - Anton Lander wins face-off versus Bobby Ryan in Senators zone.
13:36 of 2nd period - Shot by Claude Giroux.
13:36 of 2nd period - Stopped by Tuukka Rask without a rebound.
13:37 of 2nd period - Ryan OReilly wins face-off versus Anton Lander in Senators zone.
14:02 of 2nd period - Shot by Mark Scheifele.
14:02 of 2nd period - Deflect By Ryan OReilly.
14:02 of 2nd period - Stopped by Tuukka Rask without a rebound.
14:03 of 2nd period - Claude Giroux wins face-off versus Drew Miller in Senators zone.
14:04 of 2nd period - Shot by Wayne Simmonds.
14:04 of 2nd period - Stopped by Tuukka Rask without a rebound.
14:05 of 2nd period - Anton Lander wins face-off versus Claude Giroux in Senators zone.
14:31 of 2nd period - Shot by Bobby Ryan.
14:31 of 2nd period - Shot Misses the Net.
14:33 of 2nd period - Shot by Claude Giroux.
14:33 of 2nd period - Stopped by Tuukka Rask without a rebound.
14:34 of 2nd period - Ryan OReilly wins face-off versus Anton Lander in Senators zone.
14:57 of 2nd period - Shot by Aaron Ekblad.
14:57 of 2nd period - Stopped by Tuukka Rask without a rebound.
14:58 of 2nd period - Claude Giroux wins face-off versus Anton Lander in Senators zone.
14:59 of 2nd period - Shot by Andrei Markov.
14:59 of 2nd period - Shot Blocked by Jared Cowen.
15:01 of 2nd period - Shot by Erik Johnson.
15:01 of 2nd period - Stopped by Tuukka Rask with a rebound.
15:03 of 2nd period - Shot by Bobby Ryan.
15:03 of 2nd period - Shot Blocked by Connor Murphy.
15:05 of 2nd period - Shot by Andrei Markov.
15:05 of 2nd period - Stopped by Tuukka Rask without a rebound.
15:06 of 2nd period - Claude Giroux wins face-off versus Anton Lander in Senators zone.
15:09 of 2nd period - Shot by Claude Giroux.
15:09 of 2nd period - Shot Misses the Net.
15:11 of 2nd period - Shot by Aaron Ekblad.
15:11 of 2nd period - Goal by Aaron Ekblad - Senators : 2 - Ducks : 1.
15:12 of 2nd period - Tyler Seguin wins face-off versus Claude Giroux in neutral zone.
15:25 of 2nd period - Shot by Patrick Marleau.
15:25 of 2nd period - Stopped by Semyon Varlamov without a rebound.
15:26 of 2nd period - Mika Zibanejad wins face-off versus Ryan OReilly in Ducks zone.
15:50 of 2nd period - Blake Comeau is hit by Drew Doughty and loses puck.
16:03 of 2nd period - Shot by Blake Comeau.
16:03 of 2nd period - Stopped by Tuukka Rask without a rebound.
16:04 of 2nd period - Claude Giroux wins face-off versus Tyler Seguin in Senators zone.
16:05 of 2nd period - Shot by Wayne Simmonds.
16:05 of 2nd period - Shot Misses the Net.
17:42 of 2nd period - Icing by Erik Johnson.
17:43 of 2nd period - Mark Scheifele wins face-off versus Mika Zibanejad in Ducks zone.
18:02 of 2nd period - Shot by Mike Hoffman.
18:02 of 2nd period - Stopped by Semyon Varlamov without a rebound.
18:03 of 2nd period - Tyler Seguin wins face-off versus Ryan OReilly in Ducks zone.
18:08 of 2nd period - Shot by Tyler Seguin.
18:08 of 2nd period - Stopped by Semyon Varlamov without a rebound.
18:09 of 2nd period - Patrick Marleau wins face-off versus Ryan OReilly in Ducks zone.
18:20 of 2nd period - Shot by Tyler Seguin.
18:20 of 2nd period - Stopped by Semyon Varlamov without a rebound.
18:21 of 2nd period - Mika Zibanejad wins face-off versus Claude Giroux in Ducks zone.
18:31 of 2nd period - Minor Penalty to Matt Hunwick for Slashing.
18:32 of 2nd period - Brandon Dubinsky wins face-off versus Mark Stone in Ducks zone.
19:03 of 2nd period - Shot by Patrick Marleau.
19:03 of 2nd period - Stopped by Semyon Varlamov with a rebound.
19:05 of 2nd period - Shot by Mark Stone.
19:05 of 2nd period - Shot Misses the Net.
19:07 of 2nd period - Shot by Tyler Seguin.
19:07 of 2nd period - Shot Misses the Net.
19:55 of 2nd period - Icing by Mike Hoffman.
19:56 of 2nd period - Brandon Dubinsky wins face-off versus Mike Hoffman in Senators zone.
Goals for this period are 0 for Senators vs 1 for Ducks.
Shots for this period are 9 for Senators vs 15 for Ducks.

3rd period


0:01 of 3rd period - Mika Zibanejad wins face-off versus Brandon Dubinsky in neutral zone.
0:08 of 3rd period - Shot by Mike Hoffman.
0:08 of 3rd period - Shot Blocked by Travis Hamonic.
0:10 of 3rd period - Shot by Lauri Korpikoski.
0:10 of 3rd period - Goal by Lauri Korpikoski - Senators : 3 - Ducks : 1.
0:11 of 3rd period - Tyler Seguin wins face-off versus Boone Jenner in neutral zone.
0:29 of 3rd period - Shot by Mark Stone.
0:29 of 3rd period - Deflect By Patrick Marleau.
0:29 of 3rd period - Shot Misses the Net.
0:51 of 3rd period - Shot by Tyler Seguin.
0:51 of 3rd period - Stopped by Semyon Varlamov without a rebound.
0:52 of 3rd period - Claude Giroux wins face-off versus Mika Zibanejad in Ducks zone.
0:52 of 3rd period - Claude Giroux is hit by Lauri Korpikoski.
1:17 of 3rd period - Shot by Mika Zibanejad.
1:17 of 3rd period - Stopped by Semyon Varlamov without a rebound.
1:18 of 3rd period - Mark Scheifele wins face-off versus Paul Gaustad in Ducks zone.
1:18 of 3rd period - Mark Scheifele is hit by Paul Gaustad.
1:23 of 3rd period - Off-side.
1:24 of 3rd period - Tyler Seguin wins face-off versus Brandon Dubinsky in neutral zone.
1:41 of 3rd period - Shot by Mark Stone.
1:41 of 3rd period - Stopped by Semyon Varlamov without a rebound.
1:42 of 3rd period - Claude Giroux wins face-off versus Mika Zibanejad in Ducks zone.
1:42 of 3rd period - Claude Giroux is hit by Mika Zibanejad.
1:49 of 3rd period - Off-side.
1:50 of 3rd period - Mark Scheifele wins face-off versus Tyler Seguin in neutral zone.
2:21 of 3rd period - Shot by Brandon Dubinsky.
2:21 of 3rd period - Shot Misses the Net.
3:50 of 3rd period - Icing by Colton Parayko.
3:51 of 3rd period - Anton Lander wins face-off versus Claude Giroux in Ducks zone.
4:15 of 3rd period - Shot by Blake Comeau.
4:15 of 3rd period - Shot Blocked by Jared Cowen.
5:01 of 3rd period - Shot by Brandon Dubinsky.
5:01 of 3rd period - Shot Blocked by Jared Cowen.
5:03 of 3rd period - Shot by Travis Hamonic.
5:03 of 3rd period - Stopped by Tuukka Rask without a rebound.
5:04 of 3rd period - Mark Scheifele wins face-off versus Tyler Seguin in Senators zone.
5:04 of 3rd period - Travis Hamonic is hit by Jason Garrison and loses puck.
5:11 of 3rd period - Travis Hamonic is hit by Tyler Seguin and loses puck.
5:16 of 3rd period - Shot by Tyler Seguin.
5:16 of 3rd period - Stopped by Semyon Varlamov with a rebound.
5:36 of 3rd period - Shot by Mark Stone.
5:36 of 3rd period - Shot Misses the Net.
6:22 of 3rd period - Shot by Lauri Korpikoski.
6:22 of 3rd period - Shot Misses the Net.
6:39 of 3rd period - Minor Penalty to Mika Zibanejad for Slashing.
6:40 of 3rd period - Claude Giroux wins face-off versus Anton Lander in Senators zone.
6:40 of 3rd period - Claude Giroux is hit by Michael Stone.
6:42 of 3rd period - Shot by Wayne Simmonds.
6:42 of 3rd period - Stopped by Tuukka Rask with a rebound.
8:08 of 3rd period - Shot by Mark Scheifele.
8:08 of 3rd period - Stopped by Tuukka Rask with a rebound.
8:24 of 3rd period - Shot by Mark Scheifele.
8:24 of 3rd period - Shot Misses the Net.
8:38 of 3rd period - Minor Penalty to Erik Johnson for Boarding.
8:39 of 3rd period - Brandon Dubinsky wins face-off versus Mika Zibanejad in Ducks zone.
8:54 of 3rd period - Shot by Drew Doughty.
8:54 of 3rd period - Shot Misses the Net.
8:56 of 3rd period - Shot by Drew Doughty.
8:56 of 3rd period - Stopped by Semyon Varlamov without a rebound.
8:57 of 3rd period - Tyler Seguin wins face-off versus Brandon Dubinsky in Ducks zone.
9:26 of 3rd period - Shot by Mark Stone.
9:26 of 3rd period - Goal by Mark Stone - Senators : 4 - Ducks : 1.
9:27 of 3rd period - Claude Giroux wins face-off versus Mika Zibanejad in neutral zone.
9:27 of 3rd period - Bobby Ryan is hit by Mika Zibanejad and loses puck.
10:23 of 3rd period - Matt Hunwick is hit by Tyler Seguin and loses puck.
11:21 of 3rd period - Icing by Aaron Ekblad.
11:22 of 3rd period - Anton Lander wins face-off versus Ryan OReilly in Ducks zone.
11:23 of 3rd period - Shot by Milan Michalek.
11:23 of 3rd period - Goal by Milan Michalek - Senators : 5 - Ducks : 1.
11:24 of 3rd period - Mika Zibanejad wins face-off versus Mark Scheifele in neutral zone.
11:32 of 3rd period - Off-side.
11:33 of 3rd period - Mika Zibanejad wins face-off versus Mark Scheifele in neutral zone.
12:02 of 3rd period - Shot by Lauri Korpikoski.
12:02 of 3rd period - Stopped by Semyon Varlamov without a rebound.
12:03 of 3rd period - Tyler Seguin wins face-off versus Ryan OReilly in Ducks zone.
12:27 of 3rd period - Shot by Blake Comeau.
12:27 of 3rd period - Stopped by Tuukka Rask without a rebound.
12:28 of 3rd period - Claude Giroux wins face-off versus Milan Michalek in Senators zone.
12:35 of 3rd period - Shot by Wayne Simmonds.
12:35 of 3rd period - Stopped by Tuukka Rask without a rebound.
12:36 of 3rd period - Mika Zibanejad wins face-off versus Mark Scheifele in Senators zone.
13:03 of 3rd period - Shot by Pascal Dupuis.
13:03 of 3rd period - Stopped by Tuukka Rask without a rebound.
13:04 of 3rd period - Ryan OReilly wins face-off versus Tyler Seguin in Senators zone.
14:07 of 3rd period - Shot by Bobby Ryan.
14:07 of 3rd period - Stopped by Tuukka Rask without a rebound.
14:08 of 3rd period - Mark Scheifele wins face-off versus Mika Zibanejad in Senators zone.
14:11 of 3rd period - Shot by Brandon Dubinsky.
14:11 of 3rd period - Shot Misses the Net.
14:23 of 3rd period - Icing by Matt Hunwick.
14:24 of 3rd period - Paul Gaustad wins face-off versus Mark Scheifele in Ducks zone.
14:24 of 3rd period - Milan Michalek is hit by Matt Hunwick.
14:41 of 3rd period - Icing by Brandon Dubinsky.
14:42 of 3rd period - Mark Scheifele wins face-off versus Mika Zibanejad in Ducks zone.
15:08 of 3rd period - Icing by Colton Parayko.
15:09 of 3rd period - Pascal Dupuis wins face-off versus Tyler Seguin in Ducks zone.
15:51 of 3rd period - Tyler Seguin is hit by Matt Hunwick and loses puck.
16:09 of 3rd period - Icing by Matt Hunwick.
16:10 of 3rd period - Mark Scheifele wins face-off versus Paul Gaustad in Ducks zone.
17:56 of 3rd period - Shot by Aaron Ekblad.
17:56 of 3rd period - Shot Blocked by Jason Garrison.
18:40 of 3rd period - Shot by Antoine Roussel.
18:40 of 3rd period - Deflect By Eric Nystrom.
18:40 of 3rd period - Stopped by Tuukka Rask without a rebound.
18:41 of 3rd period - Claude Giroux wins face-off versus Mika Zibanejad in Senators zone.
19:25 of 3rd period - Matt Hunwick is hit by Lauri Korpikoski and loses puck.
19:35 of 3rd period - Minor Penalty to Beau Bennett for Interference.
19:36 of 3rd period - Ryan OReilly wins face-off versus Anton Lander in Senators zone.
Goals for this period are 3 for Senators vs 0 for Ducks.
Shots for this period are 9 for Senators vs 8 for Ducks.